 Dungeon Crawl Stone Soup version 0.17-a0-1655-g88a8506 (webtiles) character file.

1725408 magipi the Sensei (level 26, 194/232 HPs)
             Began as a Minotaur Monk on Aug 14, 2015.
             Was the Champion of Cheibriados.
             Escaped with the Orb
             ... and 3 runes on Aug 15, 2015!
             The game lasted 07:30:43 (64324 turns).

magipi the Sensei (Minotaur Monk)                  Turns: 64324, Time: 07:30:43

Health: 194/232    AC: 35    Str: 31    XL:     26   Next: 21%
Magic:  40/41      EV: 33    Int: 38    God:    Cheibriados [******]
Gold:   2976       SH:  0    Dex: 31    Spells: 6 memorised, 17 levels left

rFire  + + .     SeeInvis .       - Unarmed
rCold  + + .     Clarity  .     K - +7 plate armour of Fichuups {Int+6 Dex-5}
rNeg   + . .     SustAt   .     (no shield)
rPois  .         Gourm    .     T - +2 hat
rElec  .         Spirit   .     U - +2 cloak {MR+}
rCorr  .         Warding  .     N - +0 pair of gloves of the Guilds {rC++ rN+ Str+3 Int-5}
rMut   +         Stasis   .     q - +2 pair of boots
MR     +++..                    m - amulet "Acaell" {rMut +Blink MP+9 Str-4 Int+10}
Stlth  ..........               X - ring "Bysacu" {MR+ EV+6 Slay+3}
                                n - ring "Dotuobb" {Wiz rF++}

@: mildly poisoned (194 -> 194), weakened, regenerating, repel missiles, very
slow, extremely resistant to hostile enchantments, extremely unstealthy
A: retaliatory headbutt, horns 2, clever 1, mutation resistance 1
a: Bend Time, Temporal Distortion, Slouch, Step From Time, Renounce Religion,
Evoke Blink
0: Orb of Zot
}: 3/15 runes: barnacled, slimy, gossamer


You escaped.
You worshipped Cheibriados.
Cheibriados was exalted by your worship.
You were not hungry.

You visited 11 branches of the dungeon, and saw 58 of its levels.
You also visited: Trove, Sewer and Ice Cave.

You collected 5451 gold pieces.
You spent 2475 gold pieces at shops.

Notes
Turn   | Place    | Note
--------------------------------------------------------------
     0 | D:1      | magipi the Minotaur Monk began the quest for the Orb.
     0 | D:1      | Reached XP level 1. HP: 19/19 MP: 0/0
   305 | D:1      | Reached XP level 2. HP: 26/26 MP: 1/1
   344 | D:1      | Reached skill level 5 in Unarmed Combat
   896 | D:1      | Reached XP level 3. HP: 31/31 MP: 2/2
  1627 | D:2      | Reached skill level 6 in Unarmed Combat
  1934 | D:2      | Reached XP level 4. HP: 37/39 MP: 3/3
  2099 | D:2      | Found a shattered altar of Ashenzari.
  2237 | D:2      | Noticed Ijyb
  2255 | D:2      | Killed Ijyb
  2375 | D:2      | Reached skill level 7 in Unarmed Combat
  2375 | D:2      | Reached XP level 5. HP: 40/45 MP: 4/4
  2673 | D:3      | Found a stormy altar of Qazlal.
  3332 | D:4      | Found a deep blue altar of Sif Muna.
  3372 | D:4      | Reached skill level 8 in Unarmed Combat
  3372 | D:4      | Reached XP level 6. HP: 46/51 MP: 3/5
  3407 | D:4      | You fall through a shaft!
  3407 | D:5      | Entered Level 5 of the Dungeon
  3599 | D:4      | Noticed HEYYEYAAE's ghost (average DDCK)
  3754 | D:4      | Found a glowing drain.
  3758 | Sewer    | Entered a sewer
  3821 | Sewer    | Reached skill level 9 in Unarmed Combat
  3821 | Sewer    | Reached XP level 7. HP: 57/57 MP: 6/6
  3956 | D:5      | Noticed Blork the orc
  3973 | D:5      | Killed Blork the orc
  4311 | D:4      | Reached skill level 10 in Unarmed Combat
  4355 | D:4      | Found a staircase to the Ecumenical Temple.
  4361 | Temple   | Entered the Ecumenical Temple
  4374 | Temple   | Became a worshipper of Cheibriados the Contemplative
  4374 | Temple   | Acquired Cheibriados's first power
  4668 | D:5      | Noticed Edmund
  4688 | D:5      | Killed Edmund
  4819 | D:5      | Reached skill level 1 in Invocations
  4819 | D:5      | Reached XP level 8. HP: 57/64 MP: 5/8
  5393 | D:6      | Found a glowing golden altar of the Shining One.
  5893 | D:6      | Reached skill level 5 in Invocations
  6164 | D:7      | Found a shimmering altar of Xom.
  6187 | D:7      | Noticed Prince Ribbit
  6231 | D:7      | Acquired Cheibriados's second power
  6465 | D:7      | Found a burning altar of Makhleb.
  6700 | D:8      | Noticed Joseph
  6712 | D:8      | Reached XP level 9. HP: 60/70 MP: 11/13
  6721 | D:8      | Killed Joseph
  6821 | D:8      | Noticed HEYYEYAAE's ghost (experienced DDCK)
  6998 | D:8      | Found an opulent altar of Gozag.
  7038 | D:8      | Found a white marble altar of Elyvilon.
  7038 | D:8      | Found a shattered altar of Ashenzari.
  7238 | D:9      | Found a staircase to the Lair.
  7238 | D:9      | Noticed a fire drake
  7253 | D:9      | Killed a fire drake
  7284 | D:9      | Reached skill level 10 in Invocations
  7828 | D:9      | Found an ancient bone altar of Kikubaaqudgha.
  8298 | D:9      | Reached skill level 11 in Invocations
  8339 | D:9      | Acquired Cheibriados's third power
  8339 | D:9      | Reached XP level 10. HP: 63/77 MP: 13/17
  8522 | D:9      | Reached skill level 5 in Dodging
  9140 | D:10     | Entered Level 10 of the Dungeon
  9208 | D:10     | Acquired Cheibriados's fourth power
  9520 | D:10     | Found a glowing golden altar of the Shining One.
  9611 | D:10     | Reached skill level 1 in Evocations
  9930 | D:10     | Found a staircase to the Orcish Mines.
 10467 | D:10     | Reached XP level 11. HP: 82/82 MP: 18/18
 10516 | D:10     | Noticed a cyclops
 10523 | D:10     | Killed a cyclops
 10815 | D:11     | Reached skill level 10 in Dodging
 11178 | D:11     | Reached skill level 5 in Evocations
 11202 | D:11     | Noticed a hill giant
 11206 | D:11     | Killed a hill giant
 11653 | D:12     | Noticed Maurice
 11658 | D:12     | Noticed a hill giant
 11664 | D:12     | Noticed Maurice
 11664 | D:12     | Maurice changed into Maurice the spider
 11670 | D:12     | Killed Maurice the spider
 11671 | D:12     | Killed a hill giant
 11838 | D:12     | Noticed a tengu warrior
 11945 | Lair:1   | Entered Level 1 of the Lair of Beasts
 12384 | Lair:1   | Reached skill level 5 in Fighting
 12826 | Lair:2   | Found a frozen archway.
 12845 | IceCv    | Entered an ice cave
 13037 | IceCv    | Noticed an ice statue
 13037 | IceCv    | Noticed an ice statue
 13394 | Lair:2   | Reached XP level 12. HP: 75/97 MP: 19/19
 13497 | Lair:2   | Noticed a seven-headed hydra
 13506 | Lair:2   | Killed a seven-headed hydra
 13555 | Lair:2   | Reached skill level 1 in Throwing
 13679 | Lair:2   | Noticed a four-headed hydra
 13685 | Lair:2   | Killed a four-headed hydra
 14234 | Lair:3   | Reached skill level 1 in Armour
 14275 | Lair:3   | Reached skill level 5 in Throwing
 14500 | Lair:3   | Found a staircase to the Shoals.
 14673 | Lair:3   | Found a hole to the Spider Nest.
 14943 | Lair:3   | Reached skill level 5 in Armour
 15309 | Lair:4   | Reached XP level 13. HP: 88/105 MP: 14/20
 15546 | Lair:4   | Noticed an eight-headed hydra
 15553 | Lair:4   | Killed an eight-headed hydra
 16243 | Lair:5   | Got a pair of brightly glowing gloves
 16254 | Lair:5   | Identified the cursed +0 pair of gloves of the Guilds {rC++ rN+ Str+3 Int-5} (You found it on level 5 of the Lair of Beasts)
 18042 | Lair:7   | Reached skill level 10 in Armour
 18276 | Lair:7   | Reached skill level 12 in Dodging
 19077 | Lair:7   | Reached XP level 14. HP: 79/113 MP: 13/21
 19396 | Lair:8   | Entered Level 8 of the Lair of Beasts
 19534 | Lair:8   | Reached skill level 13 in Dodging
 20065 | Lair:8   | Found a staircase to the Slime Pits.
 20731 | Lair:7   | Reached skill level 14 in Dodging
 20977 | Orc:1    | Entered Level 1 of the Orcish Mines
 21162 | Orc:2    | Found Waiwn's Armour Shoppe.
 21167 | Orc:2    | Noticed Chiseanne's ghost (powerful DsWn)
 21182 | Orc:2    | Killed Chiseanne's ghost
 21408 | Orc:2    | Found Resmauv's Gadget Shoppe.
 21429 | Orc:2    | Found Tiykh's Weapon Shop.
 21438 | Orc:2    | Bought a wand of teleportation (5) for 378 gold pieces
 21899 | Orc:1    | Found a bloodstained altar of Trog.
 22290 | Orc:4    | Entered Level 4 of the Orcish Mines
 22315 | Orc:4    | Reached skill level 10 in Fighting
 22443 | Orc:3    | Noticed Nergalle
 22994 | Orc:3    | Killed Nergalle
 23414 | Orc:4    | Found a roughly hewn altar of Beogh.
 23537 | Orc:4    | Found Qoamaluc's Antique Armour Boutique.
 23542 | Orc:4    | Bought an embroidered cloak for 157 gold pieces
 23562 | Orc:4    | Found Cobasm's Assorted Antiques.
 23577 | Orc:4    | Bought 2 fizzy orange potions for 55 gold pieces
 23577 | Orc:4    | Bought a scroll of identify for 62 gold pieces
 23577 | Orc:4    | Bought a scroll labeled WARUZALEIN for 31 gold pieces
 24104 | Orc:4    | Noticed an orc warlord
 24173 | Orc:4    | Killed an orc warlord
 24385 | Orc:4    | Reached XP level 15. HP: 117/126 MP: 20/22
 24468 | Orc:4    | Found a roughly hewn altar of Beogh.
 24507 | Orc:4    | Found Naga's Weapon Boutique.
 24552 | Orc:4    | Found Koumpici's Armour Shop.
 24696 | Orc:4    | Bought a twisted plate armour for 980 gold pieces
 24708 | Orc:4    | Identified the +7 plate armour of Fichuups {Int+6 Dex-5} (You bought it in a shop on level 4 of the Orcish Mines)
 24888 | Orc:4    | Found a staircase to the Elven Halls.
 25006 | Orc:4    | Identified Fenwar Howi's Collected Works on Warped Boosts (You found it on level 4 of the Orcish Mines)
 25157 | D:12     | Killed a tengu warrior
 25361 | D:11     | Noticed a seven-headed hydra
 25371 | D:11     | Killed a seven-headed hydra
 25438 | D:12     | Noticed Rupert
 25457 | D:12     | Killed Rupert
 25571 | D:12     | Noticed a hell knight
 25572 | D:12     | Noticed a necromancer
 25572 | D:12     | Noticed a necromancer
 25572 | D:12     | Noticed a hell knight
 25573 | D:12     | Noticed a hell knight
 25582 | D:12     | Killed a hell knight
 25586 | D:12     | Noticed a hell knight
 25591 | D:12     | Killed a hell knight
 25593 | D:12     | Killed a necromancer
 25595 | D:12     | Noticed a hell knight
 25600 | D:12     | Killed a necromancer
 25605 | D:12     | Killed a hell knight
 25611 | D:12     | Killed a hell knight
 25926 | D:12     | Noticed a hell knight
 26128 | D:13     | Gained mutation: Your mind is acute. (Int +2) [potion of beneficial mutation]
 26265 | D:13     | Noticed Kirke
 26287 | D:13     | Killed Kirke
 26287 | D:13     | Reached skill level 15 in Unarmed Combat
 26695 | D:14     | Noticed Snorg
 26704 | D:14     | Killed Snorg
 26752 | D:14     | Gained mutation: You are somewhat resistant to further mutation. [potion of beneficial mutation]
 27203 | D:14     | Noticed Azrael
 27221 | D:14     | Killed Azrael
 27221 | D:14     | Reached skill level 16 in Unarmed Combat
 27277 | D:14     | Found a gate to the Vaults.
 27415 | D:14     | Found a snail-covered altar of Cheibriados.
 27522 | D:15     | Entered Level 15 of the Dungeon
 27742 | D:15     | Found a stormy altar of Qazlal.
 27846 | D:15     | Found Meyfoas's Serpentskin Sales.
 27937 | D:15     | Found a staircase to the Depths.
 27951 | D:15     | Reached XP level 16. HP: 92/134 MP: 16/23
 27955 | D:15     | Reached skill level 17 in Unarmed Combat
 28241 | D:15     | Noticed Josephine
 28271 | D:15     | Killed Josephine
 29907 | Shoals:1 | Entered Level 1 of the Shoals
 29907 | Shoals:1 | Noticed Roxanne
 29912 | Shoals:1 | Reached skill level 18 in Unarmed Combat
 30841 | Shoals:2 | Reached skill level 19 in Unarmed Combat
 31768 | Shoals:3 | Found Noskuus's Weapon Shoppe.
 32337 | Shoals:4 | Entered Level 4 of the Shoals
 32363 | Shoals:4 | Found Wuixtaa's Weapon Shop.
 32387 | Shoals:4 | Reached XP level 17. HP: 133/149 MP: 20/24
 32645 | Shoals:4 | Noticed Ilsuiw
 32866 | Shoals:4 | Identified a scroll of acquirement
 32912 | Shoals:4 | Got a barnacled rune of Zot
 33089 | Shoals:4 | Found Laun's Luxury Loot.
 33097 | Shoals:4 | Bought a lamp of fire for 520 gold pieces
 33164 | Shoals:4 | Got a glittering lead ring
 33171 | Shoals:4 | Identified the ring "Dotuobb" {Wiz rF++} (You took it off a merfolk aquamancer on level 4 of the Shoals)
 33837 | D:15     | Learned a level 4 spell: Animate Dead
 34100 | Spider:1 | Entered Level 1 of the Spider Nest
 34121 | Spider:1 | Reached skill level 1 in Necromancy
 35655 | Spider:2 | Reached skill level 5 in Necromancy
 36422 | Spider:3 | Identified a +0 rod of clouds (12/12) (You found it on level 3 of the Spider Nest)
 36563 | Spider:3 | Learned a level 1 spell: Apportation
 36567 | Spider:3 | Learned a level 3 spell: Regeneration
 36757 | Spider:3 | Reached skill level 1 in Translocations
 36876 | Spider:3 | Reached skill level 1 in Charms
 37129 | Spider:3 | Learned a level 2 spell: Blink
 37150 | Spider:4 | Entered Level 4 of the Spider Nest
 37274 | Spider:4 | Reached XP level 18. HP: 160/160 MP: 25/25
 37282 | Spider:4 | Reached skill level 1 in Spellcasting
 38392 | Spider:4 | Got a gossamer rune of Zot
 39013 | Elf:1    | Entered Level 1 of the Elven Halls
 39224 | Elf:1    | Identified the Catalogue of Confrontation
 40415 | Elf:2    | Reached skill level 5 in Translocations
 40473 | Elf:2    | Reached skill level 5 in Charms
 40493 | Elf:3    | Entered Level 3 of the Elven Halls
 41490 | Elf:3    | Learned a level 4 spell: Passage of Golubria
 41498 | Elf:3    | Reached XP level 19. HP: 167/167 MP: 26/26
 41761 | Elf:3    | Got a shimmering wooden ring
 41764 | Elf:3    | Identified the ring "Bysacu" {MR+ EV+6 Slay+3} (You took it off a deep elf death mage on level 3 of the Elven Halls)
 41819 | Elf:3    | Got a steaming wooden ring
 41821 | Elf:3    | Identified the ring of Xigot {Wiz rF- Dex+8} (You took it off a deep elf sorcerer on level 3 of the Elven Halls)
 42392 | Elf:3    | Identified the Incunabulum of Good Luck
 42739 | Vaults:1 | Entered Level 1 of the Vaults
 43108 | Vaults:1 | Reached skill level 15 in Dodging
 44089 | Vaults:2 | Found Wuvvie's Jewellery Shop.
 44107 | Vaults:2 | Bought a cursed ring of loudness for 67 gold pieces
 44107 | Vaults:2 | Bought an uncursed ring of see invisible for 225 gold pieces
 44209 | Vaults:2 | Reached XP level 20. HP: 153/174 MP: 27/27
 44304 | Vaults:2 | Reached skill level 15 in Armour
 44488 | Vaults:2 | Found a staircase to the Crypt.
 45615 | Vaults:3 | Found a portal to a secret trove of treasure.
 45854 | D:12     | Killed a hell knight
 45884 | D:12     | Killed a hell knight
 45995 | Depths:1 | Entered Level 1 of the Depths
 46028 | Depths:1 | Noticed Asterion
 46066 | Depths:1 | Killed Asterion
 46162 | Depths:1 | Found a magical portal.
 46215 | Depths:1 | Found a gateway to Hell.
 46279 | Depths:1 | Noticed Chiseanne's ghost (mighty DsWn)
 46295 | Depths:1 | Killed Chiseanne's ghost
 46308 | Depths:1 | Noticed Jorgrun
 46401 | Depths:1 | Killed Jorgrun
 46528 | Depths:1 | Your ally Jorgrun died
 46650 | Depths:1 | Reached XP level 21. HP: 181/181 MP: 28/28
 47348 | Depths:2 | Reached skill level 15 in Fighting
 48665 | Depths:3 | Found a gateway to a ziggurat.
 48692 | Depths:3 | Found Beb Qigy's Book Shop.
 50331 | Vaults:3 | You paid a toll of a +6 demon blade to enter a treasure trove
 50332 | Trove    | Entered a treasure trove
 50347 | Trove    | Got a twitching lead amulet
 50355 | Trove    | Got a glittering turquoise ring
 50371 | Trove    | Got a warped crystal plate armour
 50374 | Trove    | Got a shimmering scale mail
 50394 | Trove    | Identified the +5 scale mail of Repulsion {rN+ Stlth+} (You found it in a treasure trove)
 50405 | Trove    | Identified the +1 crystal plate armour "Leitic" {Str+2} (You found it in a treasure trove)
 50424 | Trove    | Identified the amulet "Acaell" {rMut +Blink MP+9 Str-4 Int+10} (You found it in a treasure trove)
 50426 | Trove    | Identified the ring "Lefabep" {rN+ Int+3} (You found it in a treasure trove)
 50509 | Vaults:3 | Found a glowing golden altar of the Shining One.
 50549 | Vaults:3 | Noticed Norris
 50565 | Vaults:3 | Killed Norris
 50703 | Vaults:3 | Reached skill level 20 in Unarmed Combat
 50718 | Vaults:3 | Reached XP level 22. HP: 171/202 MP: 29/29
 51274 | Vaults:3 | Noticed Wiglaf
 51275 | Vaults:3 | Noticed Frances
 51378 | Vaults:3 | Noticed Frederick
 51379 | Vaults:3 | Noticed Sojobo
 51941 | Depths:3 | Reached skill level 21 in Unarmed Combat
 52344 | Depths:3 | Found a one-way gate leading to the halls of Pandemonium.
 52390 | Depths:3 | Upgraded the game from 0.17-a0-1651-gae1a69f to 0.17-a0-1655-g88a8506
 52632 | Depths:4 | Noticed Margery
 53222 | Depths:4 | Killed Margery
 53327 | Depths:4 | Found a one-way gate to the infinite horrors of the Abyss.
 53431 | Depths:4 | Your ally Margery died
 53542 | Depths:4 | Reached skill level 22 in Unarmed Combat
 54097 | Depths:4 | Reached skill level 23 in Unarmed Combat
 54210 | Depths:4 | Reached XP level 23. HP: 194/209 MP: 30/30
 54337 | Depths:4 | Reached skill level 24 in Unarmed Combat
 54827 | Depths:5 | Entered Level 5 of the Depths
 54968 | Depths:5 | Reached skill level 25 in Unarmed Combat
 55435 | Depths:5 | Found a gate to the Realm of Zot.
 56339 | D:8      | Killed HEYYEYAAE's ghost
 56436 | D:7      | Killed Prince Ribbit
 56582 | D:4      | Killed HEYYEYAAE's ghost
 57245 | Slime:1  | Entered Level 1 of the Pits of Slime
 57308 | Slime:3  | Killed Donald
 57419 | Slime:4  | Reached XP level 24. HP: 213/216 MP: 30/30
 57546 | Slime:6  | Entered Level 6 of the Pits of Slime
 57854 | Lair:7   | Reached skill level 10 in Evocations
 58977 | Slime:6  | Found a viscous altar of Jiyva.
 59031 | Slime:6  | Noticed the royal jelly
 59081 | Slime:6  | Killed the royal jelly
 59227 | Slime:6  | Identified the Volume of Moulding
 59240 | Slime:6  | Got a slimy rune of Zot
 59278 | Slime:6  | Identified the Handbook of the Glacier
 59685 | Lair:8   | Identified a +6 rod of shadows (13/13) (You found it on level 6 of the Pits of Slime)
 59686 | Lair:8   | Identified a +9 rod of shadows (12/12) (You found it on level 6 of the Pits of Slime)
 60391 | Depths:4 | Noticed Jory
 60407 | Depths:4 | Killed Jory
 60459 | Zot:1    | Entered Level 1 of the Realm of Zot
 61794 | Zot:3    | Reached skill level 10 in Necromancy
 61821 | Zot:4    | Found a huge runed gate.
 61821 | Zot:4    | Found a huge runed gate.
 61821 | Zot:4    | Found a huge runed gate.
 61841 | Zot:4    | Learned a level 2 spell: Repel Missiles
 61845 | Zot:5    | Entered Level 5 of the Realm of Zot
 62017 | Zot:5    | Reached skill level 10 in Charms
 62197 | Zot:5    | Noticed an orb of fire
 62211 | Zot:5    | Killed an orb of fire
 62221 | Zot:5    | Reached XP level 25. HP: 184/224 MP: 31/31
 62275 | Zot:5    | Noticed an orb of fire
 62281 | Zot:5    | Noticed an ancient lich
 62282 | Zot:5    | Killed an orb of fire
 62305 | Zot:5    | Killed an ancient lich
 62821 | Zot:5    | Noticed an ancient lich
 62834 | Zot:5    | Killed an ancient lich
 62896 | Zot:5    | Noticed an orb of fire
 62906 | Zot:5    | Killed an orb of fire
 63023 | Zot:5    | Noticed an orb of fire
 63028 | Zot:5    | Killed an orb of fire
 63109 | Zot:5    | Noticed an orb of fire
 63132 | Zot:5    | Killed an orb of fire
 63318 | Zot:5    | Noticed an orb of fire
 63388 | Zot:5    | Noticed an orb of fire
 63407 | Zot:5    | Killed an orb of fire
 63545 | Zot:5    | Got the Orb of Zot
 63636 | Zot:5    | Reached XP level 26. HP: 232/232 MP: 32/32
 63932 | Depths:1 | Noticed Zewoin the pandemonium lord
 64304 | D:1      | Noticed Semow the pandemonium lord
 64308 | D:1      | Paralysed by a lich for 4 turns
 64324 | D:$      | Escaped with the Orb!

Inventory:

Hand weapons
 b - a +3 blowgun
Missiles
 r - 11 curare-tipped needles
 P - 7 throwing nets
 Z - 62 javelins (quivered)
Armour
 q - a +2 pair of boots (worn)
 K - the +7 plate armour of Fichuups (worn) {Int+6 Dex-5}
   (You bought it in a shop on level 4 of the Orcish Mines)

   It affects your intelligence (+6).
   It affects your dexterity (-5).
 N - the +0 pair of gloves of the Guilds (worn) {rC++ rN+ Str+3 Int-5}
   (You found it on level 5 of the Lair of Beasts)

   It affects your strength (+3).
   It affects your intelligence (-5).
   It greatly protects you from cold.
   It protects you from negative energy.
 T - a +2 hat (worn)
 U - a +2 cloak of magic resistance (worn)
Rods
 u - a +3 rod of the swarm (12/12)
   (You took it off a deep elf annihilator on level 3 of the Elven Halls)
 M - a +9 rod of shadows (12/12)
   (You found it on level 6 of the Pits of Slime)
Jewellery
 e - an uncursed ring of invisibility
 f - an uncursed ring of flight
 i - an uncursed ring of see invisible
 m - the amulet "Acaell" (around neck) {rMut +Blink MP+9 Str-4 Int+10}
   (You found it in a treasure trove)

   [amulet of resist mutation]

   It protects you from mutation.
   It affects your strength (-4).
   It affects your intelligence (+10).
   It affects your magic capacity (+9).
   It lets you blink.
 n - the ring "Dotuobb" (left hand) {Wiz rF++}
   (You took it off a merfolk aquamancer on level 4 of the Shoals)

   [ring of wizardry]

   It improves your spell success rate.
   It greatly protects you from fire.
 v - an uncursed amulet of resist corrosion
 G - an uncursed amulet of stasis
 X - the ring "Bysacu" (right hand) {MR+ EV+6 Slay+3}
   (You took it off a deep elf death mage on level 3 of the Elven Halls)

   [ring of evasion]

   It affects your evasion (+6).
   It affects your accuracy and damage with ranged weapons and melee attacks
   (+3).
   It affects your resistance to hostile enchantments.
Magical devices
 c - a wand of teleportation (4)
 d - a wand of enslavement (13)
 l - a wand of disintegration (5)
 x - a wand of paralysis (9)
 E - a wand of digging (0)
 H - a wand of heal wounds (3)
 S - a wand of disintegration (14)
 V - a wand of polymorph (5)
Scrolls
 k - 8 scrolls of fog
 t - 19 scrolls of remove curse
 y - 5 scrolls of recharging
 z - 4 scrolls of fear
 B - 2 scrolls of silence
 C - a scroll of magic mapping
 D - 6 scrolls of blinking
 F - 15 scrolls of identify
 R - a scroll of enchant armour
Potions
 a - 4 potions of magic
 g - 2 potions of cancellation
 j - 7 potions of curing
 o - 4 potions of agility
 p - a potion of might
 w - 4 potions of heal wounds
 A - 2 potions of invisibility
 Y - a potion of brilliance
Books
 I - a book of Air

   Spells                             Type                      Level
   a - Shock                          Conjuration/Air              1
   b - Swiftness                      Charms/Air                   2
   c - Repel Missiles                 Charms/Air                   2
   d - Static Discharge               Conjuration/Air              3
   e - Lightning Bolt                 Conjuration/Air              5
Miscellaneous
 h - a phantom mirror
 O - a lamp of fire
 Q - a box of beasts
 W - a phial of floods
Comestibles
 s - 16 meat rations
 L - 12 bread rations


   Skills:
 - Level 18.0 Fighting
 - Level 9.0 Throwing
 - Level 16.7 Armour
 - Level 17.5 Dodging
 - Level 1.5 Stealth
 - Level 25.5 Unarmed Combat
 - Level 4.4 Spellcasting
 + Level 12.0 Charms
 + Level 12.6 Necromancy
 - Level 7.0 Translocations
 - Level 11.0 Invocations
 + Level 14.3 Evocations


You had 17 spell levels left.
You knew the following spells:

 Your Spells              Type           Power        Failure   Level  Hunger
a - Apportation           Tloc           ######....   1%          1    None
b - Blink                 Tloc           N/A          1%          2    None
c - Passage of Golubria   Tloc           N/A          4%          4    ###....
d - Animate Dead          Necr           N/A          1%          4    ###....
m - Repel Missiles        Chrm/Air       ######       1%          2    None
r - Regeneration          Chrm/Necr      #######...   1%          3    None


Dungeon Overview and Level Annotations

Branches:
Dungeon (15/15)            Temple (1/1) D:4            Lair (8/8) D:9
 Shoals (4/4) Lair:3       Spider (4/4) Lair:3        Slime (6/6) Lair:8
    Orc (4/4) D:10            Elf (3/3) Orc:4        Vaults (3/5) D:14
  Crypt (0/3) Vaults:2     Depths (5/5) D:15            Zot (5/5) Depths:5

Altars:
Ashenzari
Cheibriados
Dithmenos
Elyvilon
Fedhas
Gozag
Kikubaaqudgha
Makhleb
Nemelex Xobeh
Okawaru
Qazlal
Ru
Sif Muna
Trog
Vehumet
Xom
Yredelemnul
Zin
The Shining One
Beogh
Jiyva

Shops:
D:15 *   Orc:2 [}(   Orc:4 [(*[   Shoals:3 (   Shoals:4 (*   Vaults:2 =
Depths:3 :

Portals:
Hell: Depths:1 Depths:2 Depths:3 Depths:4 Depths:5
Abyss: Depths:4 Depths:5
Pandemonium: Depths:3
Ziggurat: Depths:3

Annotations:
Shoals:1 exclusion: Roxanne, Roxanne
Shoals:4 Ilsuiw
Vaults:3 Frances; Frederick; Sojobo; Wiglaf
Zot:4 3 runed doors


Innate Abilities, Weirdness & Mutations

You reflexively headbutt those who attack you in melee.
You have a pair of horns on your head.
Your mind is acute. (Int +2)
You are somewhat resistant to further mutation.

Vault maps used:
D:1:      tarquinn_simple_flora_water_d, minivault_25, hangedman_decor_riveting
D:2:      kennysheep_the_goblin_king, st_stairs_13, dk_noncrumbling_3,
          ashenzari_altar_1
D:3:      lemuel_tele_altar
D:4:      nicolae_overflow_crystal_walls, minmay_temple_entry_hall,
          gup_sewer_entry_bowl, first_bread
D:5:      uniq_blork_the_orc, uniq_edmund
D:6:      basic_altar
D:7:      lightli_temple_of_fire, lemuel_round_altar, uniq_prince_ribbit1
D:8:      lemuel_crystal_altar, gammafunk_temple_overflow_wave, uniq_joseph
D:9:      kiku_gazebo_pond_becter, minmay_lair_entry_lava
D:10:     lemuel_upstairs_altar, zombieorc2_lemuel, hangedman_pestilent_swarm,
          tso_altar
D:12:     minmay_misc_feat_rows, minmay_rotating_lava, uniq_maurice, uniq_rupert
D:13:     uniq_kirke
D:14:     lightli_vaults_fourway_checkpoint, lemuel_centaur_altar, uniq_snorg,
          uniq_azrael
D:15:     gammafunk_depths_entry_grave, minivault_11, basic_altar,
          guppyfry_shop_venom, uniq_josephine
Temple:   zaba_magenta_temple_12
Lair:2:   portal_ice_cave_entry_pillars_01
Lair:3:   shoals_dummy_entry, nicolae_spider_entry_orb_guardian, minivault_19,
          minivault_23, eino_house_with_fridge, grunt_megastairs_2
Lair:5:   infiniplex_staircase_pool_2
Lair:6:   serial_bayou_shore_a, bh_autumn_forest_stairs
Lair:8:   due_jungle_book, minmay_slime_entry_pillars
Shoals:1: uniq_roxanne
Shoals:3: serial_shops, shop
Shoals:4: serial_shops, shop, shoals_end_simple, shoals_ilsuiw_alternative,
          nicolae_alphabet_shops
Spider:1: spider_trap
Spider:2: spider_trap, nicolae_spider_webs_and_nodes
Spider:4: spider_rune_water
Slime:3:  uniq_donald
Orc:1:    trog_hazing_becter
Orc:2:    serial_shops, nicolae_shop_waterfront, shop, nicolae_shop_waterfront
Orc:3:    nicolae_orc_pool_cavern, uniq_nergalle
Orc:4:    pubby_orc_utopia
Elf:1:    eino_elf_arrival_sip, minmay_elf_annihilation
Elf:2:    corexii_checkpoint_b, uniq_saint_roka
Elf:3:    grunt_elf_hall_asides
Vaults:1: nicolae_vaults_know_your_exits, v_rooms_1, hangedman_vaults_slice,
          ontoclasm_vaults_loading_screen, vaults_room_grunt_arrival_ludios
Vaults:2: v_rooms_4, v_misc_18, ontoclasm_vaults_gateway,
          minmay_crypt_entry_simple_box, hangedman_vaults_unwind,
          nicolae_vaults_ring_of_whatevers, v_misc_12,
          ontoclasm_vaults_decontamination, nicolae_vaults_little_ls,
          nicolae_vaults_little_squares_6, hangedman_vaults_stretched_pinwheel,
          hangedman_vaults_snaps, serial_shops, nicolae_shop_statue_plus
Vaults:3: sword_in_stone, v_rooms_5, vaults_room_ringed_pool, v_alt_pattern_1,
          ontoclasm_vaults_ring_square, hangedman_vaults_locks, v_rooms_5,
          hangedman_vaults_corner_blocks, hangedman_vaults_stagger,
          vaults_dpeg_ring, grunt_vaults_hallway_long, vaults_room_semicircle,
          nicolae_trove_entry_columns, basic_altar, uniq_norris
Depths:1: hell_entry, mu_enter_wizlab_1, kennysheep_boxes, uniq_jorgrun,
          uniq_asterion
Depths:2: minmay_crescents, serial_co_window_serial, co_window_corner_a,
          co_window_of_opportunity_a, co_window_corner_a, co_window_paths_a,
          co_window_corner_a, co_window_unsneaky_path_c, co_window_corner_ca,
          co_window_2corner, co_window_corner_b, co_window_2corner,
          co_window_corner_ca, co_window_corner_b, glass_columns_a,
          glass_columns_c, glass_columns_a, glass_columns_a, grunt_hell_horde
Depths:3: minmay_tri_stars, enter_ziggurat_d, wad_floor_pattern_untrapped,
          hell_entry, serial_shops, nicolae_shop_temple_entry_statues_fountains,
          rand_demon_pan_entry_7, infiniplex_staircase_zigzag_4
Depths:4: grunt_runaround, hell_entry, abyss_entry, uniq_margery, uniq_jory
Depths:5: grunt_crosshair, abyss_entry, hex_medium, hell_entry
Zot:1:    hangedman_zot_decor_slant, st_stairs_11, zot_minivault_1
Zot:2:    basic_altar, basic_loot_grate_trap, grunt_megastairs_3
Zot:4:    door_vault
Zot:5:    basic_stair_grate_trap
Trove:    trove_simple
Sewer:    sewer_the_crocodile
IceCv:    ice_cave_tombish


Message History

The putrid blood saint completely misses you.
You furiously retaliate!
You headbutt the putrid blood saint. You punch the putrid blood saint!
The putrid blood saint is heavily wounded.
You hit the putrid blood saint. You headbutt the putrid blood saint.
The putrid blood saint is severely wounded.
The putrid blood saint misses you. You furiously retaliate!
You headbutt the putrid blood saint! You punch the putrid blood saint!
You kill the putrid blood saint!
Cheibriados thoroughly appreciates the change of pace.
There is an escape hatch in the ceiling here.
A mysterious force pulls you upwards. The hatch slams shut behind you.
Evoke which item? (* to show all) (? for menu, Esc to quit)
Zapping:
E - a wand of digging (2)
Press: ? - help, Shift-Dir - straight line The rock shatters into small pieces.
This wand has 1 charge left.
Unknown command.
An orange demon, a pandemonium lord and 2 liches come into view.
The orange demon screeches!
The lich shouts!
Unknown command.
The lich mumbles some strange words.
The lich seems to speed up.
The lich gestures at you while chanting.
The bolt of lightning misses you. The bolt of lightning hits you!
The lich points at you and mumbles some strange words.
The bolt of lightning is repelled.
You feel less protected from missiles. The bolt of lightning hits you!
Unknown command.
Evoke which item? (* to show all) (? for menu, Esc to quit)
Zapping:
E - a wand of digging (1)
Press: ? - help, Shift-Dir - straight line The rock shatters into small pieces.
This wand has 0 charges left.
The lich gestures at you while chanting.
You suddenly lose the ability to move!
The orange demon stings you but does no damage.
The lich gestures wildly while chanting.
The lich conjures a globe of magical energy!
The lich touches you.
The orange demon stings you but does no damage.
The lich touches you but does no damage.
The orange demon stings you but does no damage.
You can move again.
The lich gestures at you while chanting.
You resist with almost no effort. The lich completely misses you.
You furiously retaliate!
You headbutt the lich, but do no damage.
The orange demon misses you.
Read which item? (? for menu, Esc to quit)
Okay, then.
Unknown command.
Casting: Regeneration
Confirm with . or Enter, or press ? or * to list all spells.
Your skin crawls.
The lich closely misses you. You furiously retaliate!
You headbutt the lich! The orange demon completely misses you.
The lich gestures at you while chanting.
You resist with almost no effort.
Unknown command.
Casting: Regeneration
Confirm with . or Enter, or press ? or * to list all spells.
You feel protected from missiles.
The lich touches you but does no damage.
The orange demon stings you but does no damage.
Unknown command.
Unknown command.
You punch the lich!
The lich is moderately damaged.
The lich touches you but does no damage.
You pummel the lich!!
You headbutt the lich, but do no damage.
The lich is severely damaged.
The orange demon completely misses you. The lich completely misses you.
You punch the lich!
You headbutt the lich, but do no damage.
The lich is almost destroyed.
The lich touches you! You partially resist.
You feel drained.
You squash the lich like an ant!!!
You destroy the lich!
Cheibriados appreciates the change of pace.
Your life force feels restored.
The orange demon misses you. The orange demon closely misses you.
The lich casts a spell.
The lich seems to speed up.
The orange demon stings you from afar.
You are poisoned.
The orange demon poisons you!
You feel your attacks grow feeble.
You feel very sick.
The lich casts a spell.
The lich gestures wildly while chanting.
Semow gestures.
The orange demon misses you.
You feel sick.
The lich mumbles some strange words.
The orange demon completely misses you.
You feel sick. The orange demon misses you.
There is a staircase leading out of the dungeon here.
You feel sick. The orange demon completely misses you.
You have escaped!

#.....######G##+###...
#.....# ##L1..# ####
#.....# ##G##### #.....#
##&## #.....###.##
#############.##
#.'....♣P#P#4##
#.#≈≈≈..♣P#.♣######
#.##≈8....@♣##....### ##
#.#≈≈≈..♣P#.♣##.....#
.######.'....♣P#P####.....#
.'......###########.......#
.#####.## #.#######
.#...#.# #####.# .......#
#.....# ......[# #.#####
.......##### #.#


You could see Semow, a lich, an orange demon and a giant eyeball.

Vanquished Creatures
  the royal jelly (Slime:6)
  6 orbs of fire (Zot:5)
  2 ancient liches (Zot:5)
  Margery (Depths:4)
  Norris (Vaults:3)
  3 Killer Klowns (Zot:5)
  2 curse toes (Zot:5)
  8 caustic shrikes (Depths:4)
  11 golden dragons
  Jory (Depths:4)
  2 electric golems (Zot:5)
  Jorgrun (Depths:1)
  5 liches
  A Brimstone Fiend (Depths:1)
  4 tentacled monstrosities
  Rupert (D:12)
  The ghost of Chiseanne the Champion of Chaos, a mighty DsWn of Makhleb (Depths:1)
  28 Orb Guardians
  Asterion (Depths:1)
  A titan (Depths:4)
  2 deep elf blademasters (Elf:3)
  8 acid blobs
  2 deep elf master archers (Elf:3)
  2 quicksilver dragons
  2 sphinxes
  8 shadow dragons
  Kirke (D:13)
  A shadow dragon (shapeshifter) (Depths:4)
  2 tengu reavers
  8 storm dragons
  2 draconian monks
  7 fire giants
  6 azure jellies
  A revenant (Vaults:2)
  4 deep elf sorcerers (Elf:3)
  4 frost giants
  2 iron dragons (Depths:4)
  An orc warlord (Orc:4)
  9 emperor scorpions
  3 large abominations
  6 ghost moths
  10 vault wardens
  A draconian annihilator (Zot:5)
  3 spriggan defenders (Depths:4)
  8 ironheart preservers
  A small abomination (Vaults:2)
  8 very ugly things
  A caustic shrike skeleton (Depths:1)
  3 vampire knights
  A blood saint (D:2)
  11 stone giants
  8 deep elf demonologists
  4 green draconians
  3 dire elephants (Lair:8)
  3 salamander stormcallers
  Azrael (D:14)
  A white draconian (Depths:5)
  14 deep elf annihilators
  5 mottled draconians
  2 red draconians
  An eidolon (Vaults:2)
  Snorg (D:14)
  A black sun (Zot:5)
  6 merfolk javelineers
  10 deep elf death magi
  6 death oozes (Slime:6)
  6 merfolk impalers
  A green death (Depths:1)
  14 vault guards
  Josephine (D:15)
  10 ettins
  16 fire dragons
  5 deep elf high priests
  A fire dragon (shapeshifter) (Depths:3)
  3 death cobs
  11 hydras
  9 yaktaur captains
  The ghost of Chiseanne the Cleaver, a powerful DsWn of Makhleb (Orc:2)
  8 entropy weavers
  7 rakshasas
  18 ice dragons
  2 monstrous demonspawn (Zot:5)
  14 great orbs of eyes
  3 spriggan air magi
  3 merfolk avatars
  An alligator snapping turtle (Shoals:2)
  2 dancing weapons (Elf:2)
  10 merfolk aquamancers
  11 ogre magi
  An anaconda (Lair:8)
  10 centaur warriors
  The ghost of HEYYEYAAE the Blocker, an experienced DDCK of Xom (D:8)
  12 deep troll earth magi
  12 tengu warriors
  9 deep troll shamans
  3 hell hogs (Depths:2)
  4 spriggan berserkers
  24 death yaks
  3 vampire magi
  6 orc high priests (Orc:4)
  3 soul eaters
  2 spriggans (Depths:4)
  Nergalle (Orc:3)
  5 iron trolls
  A shadow wraith (Vaults:2)
  A death drake (shapeshifter) (D:15)
  2 skeletal warriors (D:15)
  2 unseen horrors (D:14)
  13 deep elf knights
  A gelid demonspawn (Depths:3)
  3 giant orange brains
  2 putrid demonspawn
  24 deep trolls
  A flayed ghost (Depths:4)
  A storm dragon skeleton (Depths:2)
  3 infernal demonspawn
  5 sea snakes
  19 hell knights
  A torturous demonspawn (D:15)
  A wolf spider zombie (D:15)
  11 deep elf summoners
  11 necromancers
  6 wizards (Depths:3)
  2 phantasmal warriors
  4 harpies
  9 hill giants
  10 orb spiders
  9 ironbrand convokers
  24 wolf spiders
  5 hornets
  18 deep elf conjurers
  11 orc knights
  A stone giant zombie (D:15)
  10 orc sorcerers
  A fire giant zombie (Depths:1)
  A mana viper (D:15)
  6 water nymphs
  7 fauns
  37 ugly things
  A tengu skeleton (Depths:1)
  11 griffons
  6 shining eyes
  11 cyclopes
  4 sirens
  11 moths of wrath
  A stone giant skeleton (D:15)
  11 elephants
  3 frost giant skeletons
  3 eyes of devastation (Slime:6)
  2 fire giant skeletons
  A sixfirhy (Zot:1)
  10 manticores
  Joseph (D:8)
  12 vault sentinels
  10 black mambas
  5 torpor snails
  A spiny frog (shapeshifter) (Depths:5)
  A rust devil (Depths:3)
  A hellion (Depths:1)
  A komodo dragon (shapeshifter) (Elf:2)
  10 spiny frogs
  56 yaktaurs
  A yaktaur zombie (Vaults:1)
  8 fire drakes
  2 smoke demons
  8 demonic crawlers
  11 deep elf priests
  8 trolls
  6 tengu conjurers
  9 komodo dragons
  A harpy zombie (D:14)
  17 two-headed ogres
  5 blue devils
  The ghost of HEYYEYAAE the Chopper, an average DDCK of Xom (D:4)
  An entropy weaver zombie (Vaults:2)
  27 jumping spiders
  21 blink frogs
  2 polar bears
  A polar bear (shapeshifter) (Depths:1)
  2 freezing wraiths (Vaults:2)
  36 merfolk
  A raiju (shapeshifter) (D:9)
  A tengu simulacrum (Depths:1)
  2 wind drakes
  Prince Ribbit (D:7)
  93 slime creatures
  An ettin zombie (Depths:1)
  A blink frog (shapeshifter) (Elf:2)
  An ice dragon zombie (Depths:1)
  3 snapping turtles
  5 boulder beetles
  A shadow (Vaults:2)
  14 trapdoor spiders
  2 spriggan zombies
  39 deep elf fighters
  A basilisk (shapeshifter) (Depths:4)
  30 water elementals
  39 deep elf magi
  29 tarantellas
  13 vampire mosquitoes
  A ynoxinul (D:10)
  A neqoxec (D:10)
  54 redbacks
  A vampire (D:14)
  6 wraiths
  A wyvern (shapeshifter) (Vaults:3)
  A wyvern (Lair:7)
  2 yaks (shapeshifter)
  A chaos spawn (Depths:1)
  4 fire elementals (D:14)
  49 yaks
  2 hogs (D:13)
  A wolf (shapeshifter) (Vaults:2)
  A basilisk (Lair:6)
  4 golden eyes (Slime:6)
  10 hippogriffs
  A hog (shapeshifter) (Vaults:1)
  4 mottled dragons
  A steam dragon (Lair:7)
  9 wargs
  3 hungry ghosts
  4 soldier ants
  Edmund (D:5)
  16 wolves
  19 water moccasins
  52 orc warriors
  A human zombie (Vaults:2)
  49 ogres
  A necrophage (D:6)
  25 spiders
  An ettin simulacrum (Vaults:1)
  4 phantoms
  14 porcupines
  2 sky beasts
  17 hell hounds
  6 ice beasts
  A black bear (D:9)
  4 wasps
  5 eyes of draining
  29 centaurs
  11 crocodiles
  9 boggarts
  30 giant frogs
  4 big kobolds
  Blork the orc (D:5)
  A brain worm (D:13)
  A gnoll sergeant (D:12)
  A wyvern zombie (D:14)
  4 scorpions
  2 elf zombies
  27 killer bees
  2 wyvern skeletons
  An elf simulacrum (Vaults:2)
  4 troll zombies (D:10)
  5 wights (D:11)
  5 crimson imps
  A quasit (D:12)
  6 hounds
  A centaur zombie (D:9)
  3 giant frog zombies
  A human simulacrum (Vaults:2)
  24 jellies
  7 centaur skeletons
  34 orc priests
  Ijyb (D:2)
  A giant frog skeleton (D:11)
  A polar bear simulacrum (Lair:3)
  34 orc wizards
  10 iguanas
  26 sheep
  2 wolf simulacra (Lair:3)
  13 worker ants
  5 yak simulacra (Lair:3)
  4 ogre zombies (D:10)
  2 worker ant zombies
  45 river rats
  8 gnolls
  4 shadow imps
  19 adders
  A white imp (D:9)
  2 oozes
  5 worms
  8 giant geckos
  287 orcs
  18 goblins
  10 hobgoblins
  18 jackals
  33 kobolds
  5 quokkas
  4 ball pythons
  8 bats
  5 giant cockroaches
  2 giant newts
  2 goblin skeletons (D:10)
  2 goblin zombies (D:10)
  A hobgoblin skeleton (D:10)
  A hobgoblin zombie (D:10)
  A jackal skeleton (D:4)
  3 orc skeletons
  17 orc zombies
  12 rats
  3 river rat simulacra (Lair:3)
  4 crawling corpses
  A fungus (Lair:6)
  6 plants (Lair:8)
2635 creatures vanquished.

Vanquished Creatures (collateral kills)
  A curse toe (Zot:5)
  A Killer Klown (Zot:5)
  An Orb Guardian (Zot:5)
  2 sphinxes
  A lich (Depths:2)
  2 fire giants
  2 frost giants (Depths:4)
  A draconian scorcher (Depths:5)
  An ironheart preserver (Vaults:2)
  A spriggan defender (Depths:4)
  A very ugly thing (Depths:4)
  4 stone giants
  A green draconian (Depths:5)
  A mottled draconian (Depths:5)
  A red draconian (Zot:5)
  A white draconian (Zot:5)
  A lorocyproca (Depths:3)
  A great orb of eyes (Depths:1)
  A yaktaur captain (Vaults:2)
  An entropy weaver (Spider:3)
  A spriggan air mage (Depths:5)
  2 ice dragons
  2 rakshasas
  3 ogre magi
  A spriggan berserker (Depths:4)
  4 hell knights
  A giant orange brain (Depths:5)
  A flayed ghost (Depths:2)
  8 wizards (Depths:3)
  A deep elf summoner (Vaults:3)
  An ironbrand convoker (Vaults:1)
  7 orb spiders
  2 necromancers
  6 wolf spiders
  2 deep elf conjurers (Elf:1)
  2 ugly things (Depths:1)
  A vault sentinel (Vaults:2)
  8 yaktaurs
  6 demonic crawlers
  A red devil (Zot:5)
  10 jumping spiders
  5 two-headed ogres
  9 redbacks
  2 spriggans (Depths:5)
  A tarantella (Spider:2)
  A neqoxec (Zot:5)
  A trapdoor spider (Spider:4)
  A chaos spawn (Depths:3)
  A water moccasin (Lair:8)
  5 spiders
  A hell hound (Depths:2)
  3 boggarts (Depths:3)
  13 ogres
  2 wasps (Depths:5)
  A centaur (Vaults:1)
  A small abomination (Depths:1)
  2 electric eels
  2 orcs (Vaults:2)
147 creatures vanquished.

Vanquished Creatures (others)
  An eldritch tentacle (Depths:5)
  Donald (Slime:3)
  A fire giant (Depths:1)
  An ettin (Depths:1)
  A giant orange brain (Depths:2)
  A wolf spider (Spider:4)
  An ugly thing (Depths:1)
  2 humans (D:13)
  A deep elf mage (Vaults:3)
  An ogre (Depths:4)
  2 boggarts (Depths:4)
  2 centaurs
  An orc (Orc:2)
  112 eldritch tentacle segments (Depths:5)
  2 fire vortices (Vaults:3)
  69 fungi
  20 plants
219 creatures vanquished.

Grand Total: 3001 creatures vanquished

Action                   |  1- 3 |  4- 6 |  7- 9 | 10-12 | 13-15 | 16-18 | 19-21 | 22-24 | 25-27 || total
-------------------------+-------+-------+-------+-------+-------+-------+-------+-------+-------++-------
Melee: Unarmed           |   114 |   191 |   249 |   640 |  1417 |  1352 |  1404 |  1295 |   409 ||  7071
       Demon blade       |       |       |       |       |       |       |    12 |       |       ||    12
 Fire: Blowgun           |       |       |       |       |     8 |       |     8 |       |    16 ||    32
Throw: Stone             |     7 |     7 |    14 |    24 |    10 |       |       |       |       ||    62
       Javelin           |       |       |       |    11 |    21 |    72 |    15 |    62 |    42 ||   223
       Throwing net      |       |       |       |       |       |       |       |       |     1 ||     1
 Cast: Animate Dead      |       |       |       |       |       |    37 |    49 |    45 |    10 ||   141
       Regeneration      |       |       |       |       |       |     5 |    27 |    34 |    32 ||    98
       Apportation       |       |       |       |       |       |       |       |     7 |     7 ||    14
       Repel Missiles    |       |       |       |       |       |       |       |     1 |     2 ||     3
Invok: Temporal Distorti |       |       |     1 |       |     2 |    23 |     1 |     3 |     4 ||    34
       Bend Time         |       |       |       |     1 |     8 |     1 |       |     2 |       ||    12
       Slouch            |       |       |       |       |     2 |     1 |       |     1 |       ||     4
       Step From Time    |       |       |       |       |       |       |     1 |       |       ||     1
 Abil: Evoke Flight      |       |       |       |       |       |     9 |     4 |       |       ||    13
Evoke: Wand              |       |       |     1 |     7 |    16 |    13 |    13 |    17 |    11 ||    78
       Phial of floods   |       |       |       |       |       |       |       |     2 |       ||     2
       Lamp of fire      |       |       |       |       |       |       |       |     3 |       ||     3
  Use: Scroll            |       |    12 |     3 |     8 |    23 |    15 |    13 |    10 |     2 ||    86
       Potion            |       |     1 |     4 |     1 |     5 |     6 |     1 |     6 |       ||    24
 Stab: Sleeping          |     2 |       |     2 |     7 |     7 |       |       |       |       ||    18
       Distracted        |       |       |     2 |     3 |     1 |     9 |    13 |    10 |     3 ||    41
       Held in net/web   |       |       |       |       |       |     1 |       |       |       ||     1
  Eat: Chunk             |     3 |     6 |     7 |     7 |    11 |     9 |     4 |     1 |       ||    48
       Royal jelly       |       |       |     1 |     1 |     1 |     9 |     1 |     2 |       ||    15
       Fruit             |       |       |       |     4 |     2 |     8 |     5 |     5 |     4 ||    28
       Pizza             |       |       |       |     1 |     3 |     1 |     1 |       |       ||     6
       Beef jerky        |       |       |       |       |     7 |     3 |     2 |     2 |       ||    14
       Bread ration      |       |       |       |       |       |       |     4 |     3 |       ||     7
       Meat ration       |       |       |       |       |       |       |       |     2 |       ||     2

Action                   |  1- 3 |  4- 6 |  7- 9 | 10-12 | 13-15 | 16-18 | 19-21 | 22-24 | 25-27 || total
-------------------------+-------+-------+-------+-------+-------+-------+-------+-------+-------++-------
Melee: Unarmed           |   114 |   191 |   249 |   640 |  1417 |  1352 |  1404 |  1295 |   409 ||  7071
       Demon blade       |       |       |       |       |       |       |    12 |       |       ||    12
 Fire: Blowgun           |       |       |       |       |     8 |       |     8 |       |    16 ||    32
Throw: Stone             |     7 |     7 |    14 |    24 |    10 |       |       |       |       ||    62
       Javelin           |       |       |       |    11 |    21 |    72 |    15 |    62 |    42 ||   223
       Throwing net      |       |       |       |       |       |       |       |       |     1 ||     1
 Cast: Animate Dead      |       |       |       |       |       |    37 |    49 |    45 |    10 ||   141
       Regeneration      |       |       |       |       |       |     5 |    27 |    34 |    32 ||    98
       Apportation       |       |       |       |       |       |       |       |     7 |     7 ||    14
       Repel Missiles    |       |       |       |       |       |       |       |     1 |     2 ||     3
Invok: Temporal Distorti |       |       |     1 |       |     2 |    23 |     1 |     3 |     4 ||    34
       Bend Time         |       |       |       |     1 |     8 |     1 |       |     2 |       ||    12
       Slouch            |       |       |       |       |     2 |     1 |       |     1 |       ||     4
       Step From Time    |       |       |       |       |       |       |     1 |       |       ||     1
 Abil: Evoke Flight      |       |       |       |       |       |     9 |     4 |       |       ||    13
Evoke: Wand              |       |       |     1 |     7 |    16 |    13 |    13 |    17 |    11 ||    78
       Phial of floods   |       |       |       |       |       |       |       |     2 |       ||     2
       Lamp of fire      |       |       |       |       |       |       |       |     3 |       ||     3
  Use: Scroll            |       |    12 |     3 |     8 |    23 |    15 |    13 |    10 |     2 ||    86
       Potion            |       |     1 |     4 |     1 |     5 |     6 |     1 |     6 |       ||    24
 Stab: Sleeping          |     2 |       |     2 |     7 |     7 |       |       |       |       ||    18
       Distracted        |       |       |     2 |     3 |     1 |     9 |    13 |    10 |     3 ||    41
       Held in net/web   |       |       |       |       |       |     1 |       |       |       ||     1
  Eat: Chunk             |     3 |     6 |     7 |     7 |    11 |     9 |     4 |     1 |       ||    48
       Royal jelly       |       |       |     1 |     1 |     1 |     9 |     1 |     2 |       ||    15
       Fruit             |       |       |       |     4 |     2 |     8 |     5 |     5 |     4 ||    28
       Pizza             |       |       |       |     1 |     3 |     1 |     1 |       |       ||     6
       Beef jerky        |       |       |       |       |     7 |     3 |     2 |     2 |       ||    14
       Bread ration      |       |       |       |       |       |       |     4 |     3 |       ||     7
       Meat ration       |       |       |       |       |       |       |       |     2 |       ||     2
